 Dungeon Crawl Stone Soup version 0.26-a0-412-ga3d1f51b80 (webtiles) character file.

Game seed: 14429653491596985540

1208 KristoblXynda the Ruffian (level 8, 67/67 HPs)
             Began as a Troll Hedge Wizard on July 24, 2020.
             Was an Initiate of Gozag.
             Got out of the dungeon alive.
             The game lasted 00:06:02 (3961 turns).

KristoblXynda the Ruffian (Troll Hedge Wizard)      Turns: 3961, Time: 00:06:02

Health: 67/67      AC:  6    Str: 19    XL:     8   Next: 21%
Magic:  10/10      EV: 10    Int: 12    God:    Gozag
Gold:   520        SH:  0    Dex: 11    Spells: 7/11 levels left

rFire    . . .     SeeInvis .     - Unarmed
rCold    . . .     Faith    .   (no shield)
rNeg     . . .     Spirit   .   b - +0 robe
rPois    .         Reflect  .   c - +0 hat
rElec    .         Harm     .   (no cloak)
rCorr    .                      (gloves unavailable)
MR       .....                  (boots unavailable)
Stlth    +.........             (no amulet)
HPRegen  0.61/turn              h - +6 ring of dexterity
MPRegen  0.12/turn              p - -4 ring of dexterity (curse)

@: lightly drained
A: large, unfitting armour, claws 3, regeneration 1, shaggy fur 1, tough skin 3
a: Potion Petition, Call Merchant, Bribe Branch, Renounce Religion


You escaped.
You worshipped Gozag.
Gozag was pleased with you.
You visited 1 branch of the dungeon, and saw 5 of its levels.

You collected 520 gold pieces.

Inventory:

Armour
 b - a +0 robe (worn)
 c - a +0 hat (worn)
Jewellery
 h - a +6 ring of dexterity (left claw)
 p - a cursed -4 ring of dexterity (right claw)
Wands
 o - a wand of paralysis (8)
Scrolls
 a - a scroll of amnesia
 d - 2 scrolls of enchant armour
 e - 4 scrolls of enchant weapon
 j - 3 scrolls of teleportation
 k - 6 scrolls of identify
Potions
 f - a potion of haste
 g - 4 potions of curing
 i - 2 potions of heal wounds
 l - a potion of flight
 m - 2 potions of invisibility
 n - a potion of brilliance


   Skills:
 - Level 1.5 Dodging
 - Level 1.0(0.9) Stealth
 + Level 6.8 Unarmed Combat
 - Level 2.0(1.9) Spellcasting
 + Level 5.2 Conjurations
   Level 0.6(0.5) Summonings
   Level 0.6(0.5) Translocations


You had 7 spell levels left.
You knew the following spells:

 Your Spells              Type           Power        Failure   Level
a - Magic Dart            Conj           ##..         3%          1
b - Mephitic Cloud        Conj/Pois/Air  #.......     38%         3

Your spell library contained the following spells:

 Spells                   Type           Power        Failure   Level
 Conjure Flame            Conj/Fire      #.......     28%         3
 Blink                    Tloc           N/A          32%         2
 Call Imp                 Summ           #.......     32%         2
 Slow                     Hex            #.......     38%         2


Dungeon Overview and Level Annotations

Branches:
Dungeon (5/15)
 Temple: D:4-7

Altars:
Gozag
Wu Jian


Innate Abilities, Weirdness & Mutations

You are too large for most types of armour.
You have claws for hands.
Your natural rate of healing is unusually fast.
You are covered in fur. (AC +1)
You have extremely tough skin. (AC +3)


Message History

(D) Dungeon
Where to? (Enter - D:5 @ (x,y), ? - help)
What level of the Dungeon? (default 1, ? - help)
You see here a +0 dagger.
There is a stone staircase leading up here.
You climb upwards.
There is a stone staircase leading down here.
There is a stone staircase leading up here.
You climb upwards.
There is a stone staircase leading down here.
There is a stone staircase leading up here.
You climb upwards.
There is a stone staircase leading down here.
You see here a +0 dagger.
Key pressed, stopping travel.
You can't go up here!
There is an open door here.
There is a staircase leading out of the dungeon here.
Are you sure you want to leave the Dungeon?
This will make you lose the game!
You have escaped!

#.# #(...# #.##.#.###########...
.## #..### ####.### #### ### #..#
######'###### #.## #..#
#...........# ###### )..# #..#
#...........# #..... ).## #..#
#..........(#### #.#### #.####..#
#...........##.###.####
#.......###...........###.##.##..
######...##.[...@.....# ##.#.#...
# ######...........###.##.#... #
#...........##......... ##
#...........####....... .#
#...........# #.#.#### .#
#...........# #.#.# .######
######'#########.#.# ......#
#.### #...#.#### #####.# #.#.#
#####.....


There were no monsters in sight!

Vanquished Creatures
  Sigmund (D:4)
  Edmund (D:4)
  Duvessa (D:4)
  An ice beast (D:5)
  2 ogres (D:4)
  A centaur (D:5)
  Dowan (D:4)
  A scorpion (D:4)
  A howler monkey (D:5)
  Natasha (twice) (D:3)
  2 worker ants (D:5)
  An orc wizard (D:5)
  A killer bee zombie (D:5)
  A howler monkey zombie (D:3)
  A worker ant zombie (D:5)
  8 adders
  A river rat (D:4)
  2 oozes
  An adder zombie (D:5)
  3 worms
  3 leopard geckos (D:1)
  10 orcs
  5 ball pythons
  6 giant cockroaches
  7 hobgoblins
  4 jackals (D:2)
  11 kobolds
  A quokka (D:5)
  8 bats
  6 frilled lizards
  5 goblins
  15 rats
114 creatures vanquished.

Notes
Turn   | Place    | Note
-------+----------+-------------------------------------------
     0 | D:1      | KristoblXynda the Troll Hedge Wizard began the quest for
                  | the Orb.
     0 | D:1      | Reached XP level 1. HP: 16/16 MP: 2/2
    50 | D:1      | Reached skill level 1 in Conjurations
   183 | D:1      | Reached skill level 1 in Unarmed Combat
   186 | D:1      | Reached XP level 2. HP: 23/24 MP: 4/4
   406 | D:1      | Reached XP level 3. HP: 31/31 MP: 5/5
   665 | D:1      | Reached skill level 2 in Unarmed Combat
  1283 | D:2      | Reached XP level 4. HP: 39/39 MP: 6/6
  1561 | D:3      | Found an ornate altar of the Wu Jian Council.
  1755 | D:3      | Reached skill level 3 in Unarmed Combat
  1787 | D:3      | Noticed Natasha
  1802 | D:3      | Killed Natasha
  1802 | D:3      | Reached XP level 5. HP: 34/45 MP: 7/7
  1951 | D:3      | Found a faded altar of an unknown god.
  1955 | D:3      | Became a worshipper of Gozag Ym Sagoz the Greedy
  2133 | D:3      | Noticed Natasha
  2140 | D:3      | Killed Natasha
  2233 | D:4      | Learned a level 3 spell: Mephitic Cloud
  2256 | D:4      | Noticed an ogre
  2264 | D:4      | Killed an ogre
  2264 | D:4      | Reached skill level 4 in Unarmed Combat
  2264 | D:4      | Reached XP level 6. HP: 53/53 MP: 8/8
  2296 | D:4      | Noticed Duvessa
  2298 | D:4      | Noticed Dowan
  2318 | D:4      | Killed Duvessa
  2328 | D:4      | Killed Dowan
  2504 | D:4      | Noticed Sigmund
  2506 | D:4      | Noticed Edmund
  2525 | D:4      | Killed Edmund
  2525 | D:4      | Reached skill level 5 in Unarmed Combat
  2525 | D:4      | Reached XP level 7. HP: 25/59 MP: 9/9
  2528 | D:4      | Killed Sigmund
  2621 | D:4      | Reached skill level 6 in Unarmed Combat
  3360 | D:5      | Entered Level 5 of the Dungeon
  3381 | D:5      | Reached XP level 8. HP: 58/67 MP: 10/10
  3412 | D:5      | Reached skill level 5 in Conjurations
  3961 | D:$      | Got out of the dungeon alive.

Illustrated notes

Levels and vault maps discovered:
D:1:      psy_arrival_statuary, layout_loops_ring, chequers_big_river
D:2:      layout_rooms, minmay_misc_feat_rows
D:3:      layout_loops_cross, overflow_temple_1_default,
          chequers_ecumenical_altar_simple_redux, chequers_jeans, uniq_natasha
D:4:      layout_layer_cave, portal_sewer_entry_e, sigmund_edmund_badplayer,
          uniq_duvessa
D:5:      layout_basic

Skill      XL: |  1  2  3  4  5  6  7  8 |
---------------+-------------------------+-----
Conjurations   | 1 2 3 4 5 |  5.2
Unarmed Combat | 1 2 3 4 5 6 |  6.8
Dodging        | |  1.5
Stealth        | |  1.0
Spellcasting   | |  2.0
Summonings     | |  0.6
Translocations | |  0.6

Action                   |  1- 3 |  4- 6 |  7- 9 || total
-------------------------+-------+-------+-------++-------
Melee: Unarmed           |   146 |   152 |   112 ||   410
       Punch             |       |     1 |     2 ||     3
  Use: Scroll            |       |    13 |     2 ||    15
       Potion            |       |     1 |       ||     1
 Stab: Sleeping          |     4 |     4 |     2 ||    10
Armor: Robe              |    64 |    48 |    38 ||   150
Dodge: Dodged            |    77 |    74 |    55 ||   206

Table legend: (Time is in decaauts)
 A = Elapsed time spent in this place.
 B = Non-inter-level travel time spent in this place.
 C = Inter-level travel time spent in this place.
 D = Time resting spent in this place.
 E = Time spent auto-exploring this place.
 F = Levels seen in this place.
 G = Mean time per level.
                   A        B        C        D        E       F      G
               +--------+--------+--------+--------+--------+-----+--------+
         Total |   3950 |   3671 |    279 |    161 |   2514 |   5 |  790.0 |
       Dungeon |   3950 |   3671 |    279 |    161 |   2514 |   5 |  790.0 |
               +--------+--------+--------+--------+--------+-----+--------+

Top non-repeatable levels by time:
     D:4: 1172 daAuts
     D:1: 938 daAuts
     D:3: 782 daAuts
     D:2: 570 daAuts
     D:5: 485 daAuts
